 Dungeon Crawl Stone Soup version 0.21.1-1-g345015f (webtiles) character file.

46 solstalker the Slasher (level 3, -6/28 HPs)
             Began as a Demonspawn Gladiator on Apr 20, 2018.
             Was an Initiate of Nemelex Xobeh.
             Killed from afar by Sigmund (7 damage)
             ... with a magic dart
             ... on level 2 of the Dungeon.
             The game lasted 00:10:12 (823 turns).

solstalker the Slasher (Demonspawn Gladiator)        Turns: 823, Time: 00:10:13

Health: -6/28      AC:  4    Str: 15    XL:     3   Next: 46%
Magic:  3/3        EV: 13    Int:  9    God:    Nemelex Xobeh [......]
Gold:   49         SH:  0    Dex: 14    Spells: 2/2 levels left

rFire    . . .     SeeInvis .   a - +0 long sword
rCold    . . .     Gourm    .   (no shield)
rNeg     . . .     Faith    .   b - +0 leather armour
rPois    .         Spirit   .   c - +0 helmet
rElec    .         Reflect  .   (no cloak)
rCorr    .         Harm     .   (no gloves)
MR       .....                  (no boots)
Stlth    ++........             (no amulet)
HPRegen  0.09/turn              (no ring)
MPRegen  0.08/turn              (no ring)

@: very slightly contaminated
A: talons 1, nightstalker 1
a: Renounce Religion


You were on level 2 of the Dungeon.
You worshipped Nemelex Xobeh.
Nemelex Xobeh was noncommittal.
You were not hungry.

You visited 1 branch of the dungeon, and saw 2 of its levels.

You collected 49 gold pieces.

Inventory:

Hand Weapons
 a - a +0 long sword (weapon)
 e - a +0 hand axe
 j - a +0 whip
 l - a +0 mace
Missiles
 d - 3 throwing nets (quivered)
 g - 18 arrows
Armour
 b - a +0 leather armour (worn)
 c - a +0 helmet (worn)
 h - a +0 helmet
Scrolls
 o - a scroll of fear
Potions
 m - a potion of agility
 n - a potion of might {unknown}
Comestibles
 f - 3 rations


   Skills:
 + Level 2.3 Fighting
 + Level 3.2 Long Blades
 + Level 1.9 Throwing
 + Level 0.7 Armour
 + Level 3.0 Dodging
 + Level 0.7 Stealth


You had 2 spell levels left.
You didn't know any spells.

Dungeon Overview and Level Annotations

Branches:
Dungeon (2/15)

Altars:
Nemelex Xobeh

Annotations:
D:2 Sigmund


Innate Abilities, Weirdness & Mutations

You have sharp toenails.
You are slightly more attuned to the shadows.


Message History

A magic dart appears from out of thin air!
The magic dart hits you! The kobold hits you but does no damage.
The goblin closely misses you.
You are too injured to fight recklessly!
You catch the helpless goblin completely off-guard!
You hit the goblin.
You kill the goblin!
You flicker back into view.
The kobold misses you.
You riposte.
You hit the kobold.
The kobold is heavily wounded.
Something hits you!
* * * LOW HITPOINT WARNING * * *
The kobold hits you but does no damage.
Unknown command.
You hit the kobold.
You kill the kobold!
A magic dart appears from out of thin air!
The magic dart hits you!
You die...
Your body disappears without a glow.

.....###.##.......
#.†.)....##.##.
#....###.##.# #
#### ###.##>##.
#.........
#.####..##
####.####..#
###..).......#
.....)@)..##.
....##.)..... ....
.....<.. ...
.#......# ..
..####..## #. ..#
#. .#


There were no monsters in sight!

Vanquished Creatures
  Robin (D:2)
  2 dart slugs (D:1)
  A leopard gecko (D:1)
  2 bats
  A giant cockroach (D:1)
  3 hobgoblins
  3 jackals (D:1)
  2 frilled lizards (D:1)
  9 goblins
  2 kobolds
  2 rats (D:1)
28 creatures vanquished.

Notes
Turn   | Place    | Note
-------+----------+-------------------------------------------
     0 | D:1      | solstalker the Demonspawn Gladiator began the quest for the Orb.
     0 | D:1      | Reached XP level 1. HP: 16/16 MP: 1/1
   116 | D:1      | Gained mutation: You are slightly more attuned to the shadows. [demonic ancestry]
   116 | D:1      | Reached XP level 2. HP: 9/22 MP: 2/2
   563 | D:1      | Found a sparkling altar of Nemelex Xobeh.
   598 | D:1      | Became a worshipper of Nemelex Xobeh the Trickster
   607 | D:1      | Received a gift from Nemelex Xobeh
   784 | D:2      | Noticed Sigmund
   796 | D:2      | Gained mutation: You have sharp toenails. [demonic ancestry]
   796 | D:2      | Reached XP level 3. HP: 25/27 MP: 3/3
   800 | D:2      | Noticed Robin
   819 | D:2      | Killed Robin
   822 | D:2      | HP: 1/28 [something (10)]
   823 | D:2      | Killed from afar by Sigmund

Skill      XL: |  1  2 |
---------------+-------+-----
Long Blades    | 3 |  3.2
Dodging        | 3 |  3.0
Fighting       | |  2.3
Throwing       | |  1.9
Armour         | |  0.7
Stealth        | |  0.7

Action                   || total
-------------------------++-------
Melee: Long sword        ||    53
       Kick              ||     5
  Use: Potion            ||     2
       Scroll            ||     3
 Stab: Invisible         ||     7
       Sleeping          ||     1
Armor: Leather armour    ||    11
Dodge: Dodged            ||    52
       Rpst.: Long sword ||    13
